 Dungeon Crawl Stone Soup version 0.18.1-48-g4cf74bf (webtiles) character file.

16 Joat the Ruffian (level 2, -1/24 HPs)
             Began as a Draconian Transmuter on Aug 18, 2016.
             Slain by an adder (3 damage)
             ... on level 2 of the Dungeon.
             The game lasted 00:02:18 (640 turns).

Joat the Ruffian (Draconian Transmuter)              Turns: 640, Time: 00:02:19

Health: -1/24      AC:  6    Str: 12    XL:     2   Next: 37%
Magic:  4/5        EV: 12    Int: 13    God:
Gold:   83         SH:  0    Dex: 11    Spells: 1 memorised, 4 levels left

rFire  . . .     SeeInvis .       - Unarmed
rCold  . . .     Gourm    .     (armour unavailable)
rNeg   . . .     Faith    .     (no shield)
rPois  .         Spirit   .     (helmet restricted)
rElec  .         Dismiss  .     (no cloak)
rCorr  .         Reflect  .     d - +1 pair of gloves
SustAt .         Harm     .     (boots currently unavailable)
MR     .....                    (no amulet)
Stlth  +.........               (no ring)
                                (no ring)

@: lethally poisoned (-1 -> -9), appendage (expiring), hasted, very quick, not
resistant to hostile enchantments, very unstealthy
A: unfitting armour, talons 3, cold-blooded, AC +4
a: End Transformation


You were on level 2 of the Dungeon.
You were not hungry.
You had grown temporary talons.
You visited 1 branch of the dungeon, and saw 2 of its levels.

You collected 83 gold pieces.

Inventory:

Missiles
 a - 12 arrows
 l - 6 needles of confusion
Armour
 d - a +1 pair of gloves (worn)
Scrolls
 e - 2 scrolls of enchant armour {unknown}
 f - 2 scrolls of teleportation {unknown}
 j - a scroll of immolation {unknown}
 k - a scroll of identify {unknown}
Potions
 m - a potion of berserk rage {unknown}
Books
 b - a book of Changes

   Spells                             Type                      Level
   a - Beastly Appendage              Transmutation                1
   b - Sticks to Snakes               Transmutation                2
   c - Spider Form                    Transmutation/Poison         3
   d - Ice Form                       Ice/Transmutation            4
   e - Blade Hands                    Transmutation                5
Comestibles
 c - a bread ration
 g - a meat ration
 i - a chunk of flesh
 n - 5 fruits


   Skills:
 + Level 2.0 Fighting
 + Level 1.9 Dodging
 * Level 3.3 Unarmed Combat
 - Level 2.0 Spellcasting
 - Level 2.0 Transmutations


You had 4 spell levels left.
You knew the following spells:

 Your Spells              Type           Power        Failure   Level  Hunger
a - Beastly Appendage     Trmt           #.....       12%         1    ##.....


Dungeon Overview and Level Annotations

Branches:
Dungeon (2/15)

Altars:


Innate Abilities, Weirdness & Mutations

Your plain brown scales are hard (AC +4).
Your body does not fit into most forms of armour.
You are cold-blooded and may be slowed by cold attacks.
You have claws for feet.


Message History

You closely miss the adder. Your kick misses the adder.
The adder is moderately wounded.
You feel sick. The adder barely misses you. x2
You closely miss the adder. Your kick misses the adder.
The adder is lightly wounded.
Your transformation is almost over.
You feel sick. The adder misses you.
You hit the adder. You claw the adder.
The adder is moderately wounded.
The adder bites you but does no damage.
You hit the adder. Your kick misses the adder.
Your tail-slap misses the adder.
The adder is almost dead.
* * * LOW HITPOINT WARNING * * *
You feel sick. The adder bites you.
* * * LOW HITPOINT WARNING * * *
You are more poisoned.
The adder poisons you!
Drink which item? (? for menu, Esc to quit)
It was a potion of haste.
You feel yourself speed up. The adder bites you.
You die...

#. ##.......#
#.#.#.#.#
##.###........#
#.#.#.#..
.............#
#.#.#.#..
#...........#
#.#......
#...........#
#.###.#..
#........#
#.#...###
#.(......#
#.#.#####
#.####.###
#........
#SS@.....#
###.#####
####.#...#
#...... .#####
######. .# .#
.# .# ##


You could see 2 adders.

Vanquished Creatures
  An ooze (D:1)
  A goblin (D:1)
  2 hobgoblins
  3 bats
  2 kobolds (D:1)
  2 rats (D:1)
11 creatures vanquished.

Notes
Turn   | Place    | Note
--------------------------------------------------------------
     0 | D:1      | Joat the Draconian Transmuter began the quest for the Orb.
     0 | D:1      | Reached XP level 1. HP: 16/16 MP: 3/3
   127 | D:1      | Reached XP level 2. HP: 23/23 MP: 5/5
   640 | D:2      | Slain by an adder

Skill      XL: |  1  2 |
---------------+-------+-----
Fighting       | 2 |  2.0
Dodging        | |  1.9
Unarmed Combat | |  3.3
Spellcasting   | |  2.0
Transmutations | |  2.0

Action                   || total
-------------------------++-------
Melee: Unarmed           ||    43
       Tailslap          ||     6
       Kick              ||     1
 Cast: Beastly Appendage ||     1
  Use: Potion            ||     1
 Stab: Sleeping          ||     1
Armor: Skin              ||    27
Dodge: Dodged            ||    46
